 Dungeon Crawl Stone Soup version 0.32-a0-893-gf85d74f360 (webtiles) character file.

Game seed: 3904767452831275771

274 GiantSquids the Chopper (level 6, -1/51 HPs)
             Began as a Mountain Dwarf Fighter on Apr 4, 2024.
             Slain by a lemure (4 damage)
             ... led by Pikel
             ... on level 4 of the Dungeon.
             The game lasted 00:03:43 (2509 turns).

GiantSquids the Chopper (Mountain Dwarf Fighter)    Turns: 2509, Time: 00:03:44

Health: -1/51      AC:  6    Str: 21    XL:     6   Next: 3%
Magic:  6/6        EV:  8    Int:  8    God:
Gold:   90         SH:  4    Dex:  9    Spells: 5/5 levels left

rFire   . . .        a - +0 war axe
rCold   . . .        c - +0 buckler
rNeg    . . .        b - +0 scale mail
rPois   .            (no helmet)
rElec   .            (no cloak)
rCorr   .            (no gloves)
SInv    .            (no boots)
Will    +....        (no amulet) Stlth
                     l - ring of willpower
HPRegen 0.28/turn    (no ring)
MPRegen 0.10/turn

%: no passive effects
@: mighty
A: runic magic, artefact enchanting
a: no special abilities


You were on level 4 of the Dungeon.
You visited 1 branch of the dungeon, and saw 4 of its levels.

You collected 90 gold pieces.

Inventory:

Hand Weapons
 a - a +0 war axe (weapon)
Armour
 b - a +0 scale mail (worn)
 c - a +0 buckler (worn)
Jewellery
 l - a ring of willpower (left hand)
Wands
 r - a wand of mindburst (14)
Scrolls
 g - a scroll of acquirement {unknown}
 h - a scroll of poison {unknown}
 j - 3 scrolls of teleportation {unknown}
 k - a scroll of identify {unknown}
 n - a scroll of immolation {unknown}
 q - a scroll of silence {unknown}
 s - a scroll of enchant weapon {unknown}
 t - a scroll of revelation {unknown}
 u - a scroll of amnesia {unknown}
Potions
 e - 3 potions of lignification {unknown}
 f - a potion of curing {unknown}
 i - a potion of heal wounds {unknown}
 m - a potion of enlightenment {unknown}
 o - a potion of brilliance {unknown}
 p - a potion of degeneration {unknown}


   Skills:
 - Level 3.2 Fighting
 + Level 7.7 Axes
 - Level 3.2 Armour
 - Level 3.2 Shields


You had 5 spell levels left.
You didn't know any spells.
Your spell library contained the following spells:

 Spells                   Type           Power      Damage    Failure   Level
 Blink                    Tloc           0%         N/A       71%         2
 Lesser Beckoning         Tloc           0%         N/A       71%         2
 Momentum Strike          Conj/Tloc      0%         3d8       71%         2
 Iskenderun's Battlesphe  Conj           0%         2d6       100%        5
 Bombard                  Conj/Erth      0%         9d1       100%        6
 Spellforged Servitor     Conj/Summ      0%         N/A       100%        7


Dungeon Overview and Level Annotations

Branches:
Dungeon (4/15)
 Temple: D:4-7

Altars:
Fedhas
Makhleb
Zin

Annotations:
D:4 Pikel


Innate Abilities, Weirdness & Mutations

Your spellcasting is much less encumbered by armour.
You can use scrolls of enchantment on lesser artefacts.


Message History

You block the lemure's attack.
You hit the lemure.
The lemure is almost dead.
The lemure hits you but does no damage.
You slash the lemure!
You kill the lemure!
That felt strangely unrewarding.
The lemure barely misses you.
You slash the lemure!
The lemure is moderately wounded.
The lemure hits you but does no damage.
You slash the lemure!
The lemure is heavily wounded.
The lemure hits you.
* * * LOW HITPOINT WARNING * * *
You slash the lemure!
You kill the lemure!
That felt strangely unrewarding.
You closely miss the lemure. The lemure closely misses you.
Pikel says, "You'll make a fine lemure."
Sorry, you're not good enough to have a special ability.
You feel very mighty all of a sudden. The lemure hits you.
* * * LOW HITPOINT WARNING * * *
You slice the lemure!!
The lemure is almost dead.
The lemure hits you!
* * * LOW HITPOINT WARNING * * *
You hit the lemure.
You kill the lemure!
That felt strangely unrewarding.
You hit the lemure.
The lemure is lightly wounded.
The lemure closely misses you. You block the lemure's attack.
You barely miss the lemure.
The lemure is lightly wounded.
The lemure closely misses you.
You closely miss the lemure.
The lemure is lightly wounded.
The lemure hits you.
You die...

#...........
. ..
#...........
###
#...........
#...........
#.<.........
##......5...
##.KO..#...
##5#### .
#@# #.# ..#
..## ...
.#.# ..#. ##
#.


You could see Pikel, an ogre and a lemure.

Vanquished Creatures
  3 lemures (D:4)
  A scorpion (D:3)
  2 bombardier beetles (D:3)
  Natasha (twice) (D:2)
  3 adders
  2 ribbon worms (D:2)
  9 orcs (D:3)
  5 ball pythons
  2 endoplasms (D:2)
  4 giant cockroaches
  A goblin (D:2)
  8 hobgoblins
  A jackal (D:2)
  5 kobolds
  3 quokkas (D:2)
  7 bats
  3 frilled lizards
  2 rats (D:1)
63 creatures vanquished.

Notes
Turn   | Place    | Note
-------+----------+-------------------------------------------
     0 | D:1      | GiantSquids the Mountain Dwarf Fighter began the quest for
                  | the Orb.
     0 | D:1      | Reached XP level 1. HP: 19/19 MP: 1/1
    84 | D:1      | Reached skill level 3 in Axes
   375 | D:1      | Reached XP level 2. HP: 21/26 MP: 2/2
   663 | D:2      | Reached skill level 4 in Axes
   759 | D:2      | Reached XP level 3. HP: 11/31 MP: 3/3
   854 | D:2      | Noticed Natasha
   867 | D:2      | Killed Natasha
   868 | D:2      | Reached skill level 5 in Axes
   868 | D:2      | Reached XP level 4. HP: 28/38 MP: 4/4
  1019 | D:2      | Found a faded altar of an unknown god.
  1179 | D:2      | Noticed Natasha
  1188 | D:2      | Killed Natasha
  1313 | D:2      | Reached skill level 6 in Axes
  1651 | D:3      | Reached XP level 5. HP: 45/45 MP: 5/5
  1708 | D:3      | Found a blossoming altar of Fedhas.
  1782 | D:3      | Found a glowing silver altar of Zin.
  1782 | D:3      | Found a burning altar of Makhleb.
  1783 | D:3      | Noticed an Executioner
  1783 | D:3      | Noticed an angel
  1919 | D:3      | Reached skill level 7 in Axes
  2384 | D:4      | Noticed Pikel
  2384 | D:4      | Noticed a lemure
  2384 | D:4      | Noticed a lemure
  2384 | D:4      | Noticed a lemure
  2384 | D:4      | Noticed an ogre
  2391 | D:3      | Reached XP level 6. HP: 31/51 MP: 6/6
  2505 | D:4      | HP: 1/51 [lemure[Pikel] (7)]
  2509 | D:4      | Slain by a lemure

Illustrated notes

Levels and vault maps discovered:
D:1:      spicycebolla_arrival_clurvy, layout_rooms, hangedman_decor_slide_cut
D:2:      layout_loops_ring, basic_ecumenical_altar, grunt_decor_cap,
          st_stairs_3, eino_tiny_chamber, uniq_natasha
D:3:      layout_basic, grunt_temple_overflow_order_and_chaos_2,
          mainiacjoe_overflow_24_doors
D:4:      layout_rooms, uniq_menkaure, uniq_pikel

Skill      XL: |  1  2  3  4  5 |
---------------+----------------+-----
Axes           | 3 4 5 6 7 |  7.7
Fighting       | |  3.2
Armour         | |  3.2
Shields        | |  3.2

Action                     |  1- 3 |  4- 6 || total
---------------------------+-------+-------++-------
  Melee: War axe           |   104 |   165 ||   269
    Use: Potion            |       |     1 ||     1
 Armour: Scale mail        |   101 |   118 ||   219
  Dodge: Dodged            |    49 |    60 ||   109
  Block: Buckler           |    29 |    28 ||    57

Table legend: (Time is in decaauts)
 A = Elapsed time spent in this place.
 B = Non-inter-level travel time spent in this place.
 C = Inter-level travel time spent in this place.
 D = Time resting spent in this place.
 E = Time spent auto-exploring this place.
 F = Levels seen in this place.
 G = Mean time per level.
                   A        B        C        D        E       F      G
               +--------+--------+--------+--------+--------+-----+--------+
         Total |   2577 |   2457 |    120 |     26 |   1831 |   4 |  644.2 |
       Dungeon |   2577 |   2457 |    120 |     26 |   1831 |   4 |  644.2 |
               +--------+--------+--------+--------+--------+-----+--------+

Top non-repeatable levels by time:
     D:2: 999 daAuts
     D:3: 992 daAuts
     D:1: 518 daAuts
     D:4: 66 daAuts
